 Dungeon Crawl Stone Soup version 0.21-a0-179-gd2bfb5f (console) character file.

15616 utis the Destroyer (level 12, 92/92 HPs)
             Began as a Human Air Elementalist on Aug 9, 2017.
             Quit the game on level 1 of the Lair of Beasts on Aug 10, 2017.
             The game lasted 01:54:36 (27264 turns).

utis the Destroyer (Human Air Elementalist)        Turns: 27264, Time: 01:54:36

Health: 92/92      AC: 10    Str: 10    XL:     12   Next: 59%
Magic:  21/21      EV: 14    Int: 27    God:
Gold:   770        SH:  0    Dex: 13    Spells: 8/23 levels left

rFire    . . .     SeeInvis .   a - +4 flail (holy)
rCold    + . .     Gourm    .   (no shield)
rNeg     + . .     Faith    .   h - +0 ring mail of Ycit {rN+ Int+7 Slay+3} (curse)
rPois    .         Spirit   .   P - +0 helmet
rElec    .         Reflect  .   (no cloak)
rCorr    +         Harm     .   M - +0 pair of gloves
MR       .....                  p - +2 pair of boots
Stlth    +.........             (no amulet)
HPRegen  0.25/turn              C - ring of protection from cold
MPRegen  0.17/turn              U - ring of resist corrosion

@: no status effects
A: no striking features
a: no special abilities


You were on level 1 of the Lair of Beasts.
You were not hungry.

You visited 2 branches of the dungeon, and saw 13 of its levels.
You also visited: Sewer.

You collected 770 gold pieces.

Inventory:

Hand Weapons
 a - a +4 flail of holy wrath (weapon)
 b - a +3 hand crossbow of freezing
 w - a +2 halberd of flaming
 I - the +1 whip of Bafa Kopu {speed, rC+ rN+ Str-2 SInv}
   (You took it off an orc priest on level 5 of the Dungeon)

   Attacks with this weapon are significantly faster.
   It affects your strength (-2).
   It protects you from cold.
   It protects you from negative energy.
   It lets you see invisible.
Missiles
 j - 192 stones (quivered)
 o - 12 bolts
 x - 6 tomahawks
 E - 29 sling bullets
Armour
 h - the cursed +0 ring mail of Ycit (worn) {rN+ Int+7 Slay+3}
   (You took it off an orc on level 10 of the Dungeon)

   It affects your intelligence (+7).
   It affects your accuracy and damage with ranged weapons and melee attacks
   (+3).
   It protects you from negative energy.
   It has a curse placed upon it.
 p - a +2 pair of boots (worn)
 M - a +0 pair of gloves (worn)
 N - the +3 leather armour of Brilliance {Stlth+}
   (You found it on level 6 of the Dungeon)

   It makes you more stealthy.
 P - a +0 helmet (worn)
 X - a +0 scale mail
Jewellery
 c - an uncursed ring of ice
 C - a ring of protection from cold (left hand)
 U - a ring of resist corrosion (right hand)
 W - an uncursed amulet of harm
Wands
 g - a wand of flame (17/48)
 i - a wand of paralysis (2/24)
 B - a wand of acid (5/15)
 J - a wand of lightning (8/15)
 L - a wand of iceblast (10/15)
 Z - a wand of flame (16/48)
Scrolls
 d - a scroll of summoning {unknown}
 k - 5 scrolls of remove curse {@r2}
 l - 5 scrolls of amnesia
 q - a scroll of enchant weapon
 r - 2 scrolls of immolation
 y - a scroll of identify {@r1}
 H - a scroll of magic mapping
 Q - a scroll of teleportation {@r4}
 T - a scroll of fog
 V - a scroll of blinking {unknown}
 Y - a scroll of recharging {unknown}
Potions
 e - a potion of haste {@q3}
 f - a potion of brilliance {unknown}
 n - 2 potions of curing {@q1}
 t - 4 potions of flight
 v - a potion of agility
 A - 2 potions of mutation {!q}
 S - a potion of resistance
Books
 R - a book of Frost

   Spells                             Type                      Level
   a - Freeze                         Ice                          1
   b - Throw Frost                    Conjuration/Ice              2
   c - Ozocubu's Armour               Charms/Ice                   3
   d - Throw Icicle                   Conjuration/Ice              4
   e - Summon Ice Beast               Ice/Summoning                4
Comestibles
 m - 7 royal jellies {@e3}
 u - 5 bread rations {@e1}
 D - 2 meat rations {@e1}


   Skills:
 + Level 8.1 Fighting
 - Level 8.7 Dodging
 - Level 2.0 Stealth
 - Level 6.3 Spellcasting
 - Level 10.0 Conjurations
 - Level 9.9 Air Magic
 - Level 4.6 Evocations


You had 8 spell levels left.
You knew the following spells:

 Your Spells              Type           Power        Failure   Level  Hunger
a - Shock                 Conj/Air       ####         1%          1    None
b - Lightning Bolt        Conj/Air       ######....   8%          5    #####..
k - Airstrike             Air            ######....   2%          4    ###....
t - Static Discharge      Conj/Air       ######..     1%          3    None
W - Swiftness             Chrm/Air       #####...     3%          2    None


Dungeon Overview and Level Annotations

Branches:
Dungeon (11/15)            Temple (0/1) D:5            Lair (2/6) D:9
  Snake (0/4) Lair:2
  Swamp: Lair:2-4    Shoals: Lair:2-4       Orc: D:9-12

Altars:
Dithmenos
Nemelex Xobeh
Okawaru
Ru

Annotations:
D:2 exclusion: 2 downstairs
D:3 Ijyb, Sigmund
D:5 exclusion: downstairs
Lair:2 Nattefrost's ghost, journeyman DrBe


Message History

You start resting.
Magic restored.
A bullfrog comes into view.
The bullfrog gives a loud, deep croak!
There is a stone staircase leading up, spattered with blood here.
You sock the bullfrog!
The bullfrog is severely wounded.
The bullfrog hits you but does no damage.
The bullfrog closely misses you. The bullfrog hits you.
* * * LOW HITPOINT WARNING * * *
You sock the bullfrog!
You kill the bullfrog!
You start resting.
Nattefrost's ghost turns its malevolent gaze towards you.
You climb upwards.
There is a stone staircase leading down here.
You start resting.
HP restored.
Unknown command.
Are you sure you want to abandon this character and quit the game? (Confirm with "yes".)

░░░.░░░░░░ ░░░░░░.. ░........░
░░.░░.... ░........░░░░...'....
░.........░░....░....
░........░...░░░░....
░░.......░░..░░░ ░....
░⚵......░......░░░....
░░.....░░.......░░....
░...p.░..░.░░░..░░..░
░.░.░░░..░......░░.░. ░░░░░░░░░░░
░░░░░░.....)......░.. ░.........░
░░..░........░.░░
░.........░░░░░░░..░░.8.8.░...░░.
░..............░...░..........░..
░..........░░░..+..░...>...░.....
░..........░ ░░.░..........░.....
░.........░░ ░.░..░░.8.8.░...░..


There were no monsters in sight!

Vanquished Creatures
  A two-headed ogre (D:8)
  Erica (D:8)
  A deep elf mage (D:9)
  A black mamba (Lair:2)
  The ghost of zkyp the Cleaver, a novice HOCK of Xom (D:5)
  5 spiny frogs
  A komodo dragon (Lair:2)
  A queen bee (D:9)
  A troll (D:10)
  Prince Ribbit (D:8)
  2 hippogriffs
  9 yaks
  A wraith (D:11)
  A hungry ghost (D:8)
  Edmund (D:5)
  13 water moccasins
  6 orc warriors
  4 porcupines
  Purgy (Sewer)
  2 black bears
  An ice beast (D:7)
  A sky beast (D:9)
  4 phantoms
  A necrophage (D:7)
  8 ogres
  5 wolves (Lair:1)
  3 crocodiles
  7 centaurs
  3 big kobolds
  Blork the orc (D:5)
  7 bullfrogs
  3 scorpions
  21 killer bees
  A centaur zombie (D:7)
  5 crimson imps
  5 hounds
  A quasit (D:6)
  A bullfrog skeleton (D:9)
  9 orc priests
  16 orc wizards
  3 iguanas
  A centaur skeleton (D:5)
  A killer bee zombie (D:7)
  8 worker ants
  A hound skeleton (D:9)
  A howler monkey zombie (D:9)
  2 worker ant zombies
  15 gnolls
  18 adders
  A river rat (D:5)
  5 shadow imps
  3 oozes
  An adder zombie (D:6)
  4 worms
  A dart slug (D:5)
  4 leopard geckos
  56 orcs
  4 ball pythons
  5 giant cockroaches
  9 goblins
  8 hobgoblins
  12 jackals
  4 quokkas
  A ball python skeleton (D:5)
  9 bats
  7 frilled lizards
  A giant cockroach zombie (D:5)
  24 kobolds
  A leopard gecko skeleton (D:8)
  2 leopard gecko zombies
  A quokka skeleton (D:5)
  10 rats
380 creatures vanquished.

Vanquished Creatures (others)
  4 fungi
  16 plants (Lair:2)
20 creatures vanquished.

Grand Total: 400 creatures vanquished

Notes
Turn   | Place    | Note
-------+----------+-------------------------------------------
     0 | D:1      | utis the Human Air Elementalist began the quest for the Orb.
     0 | D:1      | Reached XP level 1. HP: 13/13 MP: 3/3
    62 | D:1      | crap
   232 | D:1      | Reached XP level 2. HP: 19/19 MP: 1/5
   278 | D:1      | Learned a level 2 spell: Swiftness
   323 | D:1      | Reached skill level 2 in Conjurations
  1539 | D:2      | Reached XP level 3. HP: 24/24 MP: 3/6
  1544 | D:2      | Learned a level 3 spell: Static Discharge
  1800 | D:2      | Reached skill level 3 in Conjurations
  2231 | D:2      | Reached XP level 4. HP: 30/30 MP: 5/7
  3404 | D:2      | Reached XP level 5. HP: 35/35 MP: 4/8
  4018 | D:3      | Reached skill level 4 in Conjurations
  4197 | D:3      | Noticed Ijyb
  4441 | D:3      | Noticed Sigmund
  5035 | D:4      | Reached XP level 6. HP: 38/41 MP: 4/10
  5211 | D:4      | Noticed an ogre
  5271 | D:4      | Killed an ogre
  5701 | D:4      | Noticed an ogre
  5720 | D:4      | Killed an ogre
  5720 | D:4      | Reached skill level 5 in Conjurations
  5720 | D:4      | Reached XP level 7. HP: 22/46 MP: 6/11
  6116 | D:4      | Reached skill level 5 in Air Magic
  6781 | D:5      | Entered Level 5 of the Dungeon
  6798 | D:5      | Noticed Edmund
  6807 | D:5      | Killed Edmund
  6939 | D:5      | Reached XP level 8. HP: 46/52 MP: 9/13
  7005 | D:5      | Found a glowing drain.
  7032 | Sewer    | Entered a sewer
  7118 | Sewer    | Noticed Purgy
  7136 | Sewer    | Killed Purgy
  7538 | D:5      | Reached skill level 6 in Conjurations
  8008 | D:5      | Noticed Blork the orc
  8014 | D:5      | Killed Blork the orc
  8018 | D:5      | Noticed zkyp's ghost (novice HOCK)
  8407 | D:5      | Got an encrusted whip {speed}
  8408 | D:5      | Identified the +1 whip of Bafa Kopu {speed, rC+ rN+ Str-2 SInv} (You took it off an orc priest on level 5 of the Dungeon)
  8479 | D:5      | Found a sparkling altar of Nemelex Xobeh.
  8500 | D:5      | Found a staircase to the Ecumenical Temple.
  8535 | D:5      | Reached skill level 1 in Fighting
  8646 | D:5      | Found a sparkling altar of Nemelex Xobeh.
  8760 | D:5      | Reached XP level 9. HP: 53/64 MP: 8/15
  9165 | D:5      | Killed zkyp's ghost
  9165 | D:5      | Reached skill level 5 in Fighting
  9252 | D:5      | Learned a level 4 spell: Airstrike
  9258 | D:5      | Learned a level 5 spell: Lightning Bolt
  9364 | D:6      | Noticed a troll
  9365 | D:6      | Upgraded the game from 0.21-a0-178-g0b87683 to 0.21-a0-179-gd2bfb5f
  9486 | D:6      | Found a sacrificial altar of Ru.
 10189 | D:6      | Got a twisted leather armour
 10358 | D:5      | Identified the +3 leather armour of Brilliance {Stlth+} (You found it on level 6 of the Dungeon)
 11143 | D:6      | Reached skill level 5 in Dodging
 11227 | D:6      | Found an iron altar of Okawaru.
 11416 | D:6      | Noticed a two-headed ogre
 12049 | D:7      | Reached XP level 10. HP: 76/76 MP: 7/16
 12457 | D:7      | Reached skill level 7 in Conjurations
 13013 | D:7      | gaaa
 13295 | D:6      | ooooo
 13310 | D:6      | crap
 13872 | D:6      | what am i doing?
 13873 | D:6      | crap
 14677 | D:8      | Noticed Prince Ribbit
 14687 | D:8      | Killed Prince Ribbit
 14980 | D:8      | Reached skill level 5 in Spellcasting
 15556 | D:8      | Reached skill level 8 in Conjurations
 15971 | D:8      | Noticed Erica
 16082 | D:8      | Killed Erica
 16292 | D:8      | Noticed a two-headed ogre
 16340 | D:8      | Killed a two-headed ogre
 16340 | D:8      | Reached XP level 11. HP: 81/81 MP: 6/19
 16477 | D:8      | Reached skill level 9 in Conjurations
 17844 | D:9      | Found a staircase to the Lair.
 18571 | D:9      | Found a shadowy altar of Dithmenos.
 18840 | D:9      | Noticed a deep elf mage
 18878 | D:9      | Killed a deep elf mage
 19837 | D:10     | Entered Level 10 of the Dungeon
 20171 | D:10     | Reached skill level 10 in Conjurations
 20658 | D:10     | Reached skill level 1 in Evocations
 21463 | D:10     | Got a faintly humming ring mail
 21477 | D:10     | Identified the cursed +0 ring mail of Ycit {rN+ Int+7 Slay+3} (You took it off an orc on level 10 of the Dungeon)
 21772 | D:11     | Noticed a white ugly thing
 21790 | D:11     | oops
 21792 | D:11     | uh oh
 21887 | D:10     | Noticed a two-headed ogre
 22306 | Lair:1   | Entered Level 1 of the Lair of Beasts
 22872 | Lair:1   | Reached XP level 12. HP: 42/88 MP: 12/21
 24707 | Lair:2   | Noticed Nattefrost's ghost (journeyman DrBe)
 26462 | Lair:2   | Found a staircase to the Snake Pit.
 27264 | Lair:1   | Quit the game

Vault maps used:
D:1:      dpeg_arrival_simpleton_c, minmay_tromino_v4_a
D:3:      nicolae_ru_path_of_blood, uniq_ijyb, uniq_sigmund
D:4:      first_bread
D:5:      nemelex_xobeh_ov_fountains_minmay, temple_fountains,
          cheibrodos_sewer_entry_sluice, nemelex_dance_club_becter, uniq_edmund,
          uniq_blork_the_orc
D:6:      basic_altar, okawaru_altar_gauntlet_db
D:7:      minivault_5
D:8:      uniq_prince_ribbit1, uniq_erica
D:9:      dpeg_oklobed_lair, basic_altar, david_nohive_1
D:11:     orc_0_dummy, basic_altar
Lair:1:   beast_lair_carwin_3, grunt_megastairs_2
Lair:2:   minmay_snake_entry_six_corridors, serial_bayou, serial_bayou_lagoon_b,
          serial_bayou_pond_b, serial_bayou_pond_e, grunt_megastairs_3
Sewer:    sewer_big_baddie

Skill      XL: |  1  2  3  4  5  6  7  8  9 10 11 12 |
---------------+-------------------------------------+-----
Conjurations   | 2 3 4 5 6 8 10 | 10.0
Air Magic      | 4 5 6 9 |  9.9
Spellcasting   | 3 4 5 6 |  6.3
Fighting       | 3 5 6 8 |  8.1
Dodging        | 6 8 |  8.7
Evocations     | 4 |  4.6
Stealth        | |  2.0

Action                   |  1- 3 |  4- 6 |  7- 9 | 10-12 || total
-------------------------+-------+-------+-------+-------++-------
Melee: Dagger            |    21 |    44 |       |       ||    65
       Short sword       |       |     8 |   153 |       ||   161
       Flail             |       |       |       |   132 ||   132
       Halberd           |       |       |       |    66 ||    66
 Fire: Shortbow          |       |       |       |     6 ||     6
       Hand crossbow     |       |       |       |    11 ||    11
Throw: Stone             |     6 |    33 |    45 |    80 ||   164
 Cast: Shock             |    46 |    90 |   199 |   399 ||   734
       Static Discharge  |       |       |     7 |    10 ||    17
       Lightning Bolt    |       |       |       |    16 ||    16
       Swiftness         |       |       |       |     2 ||     2
  Use: Scroll            |     2 |     5 |     6 |    10 ||    23
       Potion            |       |     1 |     1 |     7 ||     9
 Stab: Invisible         |       |       |     2 |       ||     2
       Sleeping          |       |       |       |     1 ||     1
  Eat: Chunk             |     5 |    11 |    21 |    36 ||    73
       Fruit             |       |       |       |     7 ||     7
       Royal jelly       |       |       |       |     3 ||     3
       Bread ration      |       |       |       |     1 ||     1
Armor: Robe              |    11 |       |       |       ||    11
       Ring mail         |       |    41 |    16 |    86 ||   143
       Troll leather arm |       |       |    23 |       ||    23
       Leather armour    |       |       |    39 |    84 ||   123
Dodge: Dodged            |    25 |    73 |   191 |   416 ||   705
